 Dungeon Crawl Stone Soup version 0.29.1-12-g30fa7ad0bf (webtiles) character file.

Game seed: 11442002348240872089

203 BigDaddyOpFi the Trooper (level 5, -7/34 HPs)
             Began as a Gargoyle Fighter on Jan 17, 2023.
             Was an Initiate of Qazlal.
             Mangled by an ogre
             ... wielding a +0 giant spiked club
              (16 damage)
             ... on level 4 of the Dungeon.
             The game lasted 00:02:49 (2008 turns).

BigDaddyOpFi the Trooper (Gargoyle Fighter)         Turns: 2008, Time: 00:02:50

Health: -7/34      AC: 12    Str: 28    XL:     5   Next: 81%
Magic:  5/5        EV:  9    Int:  8    God:    Qazlal [......]
Gold:   72         SH:  4    Dex:  9    Spells: 4/4 levels left

rFire   . . .      SeeInvis .   a - +0 war axe (chaos)
rCold   + . .      Faith    .   c - +0 buckler
rNeg    + . .      Spirit   .   b - +0 scale mail
rPois   ∞          Reflect  .   (no helmet)
rElec   +          Harm     .   (no cloak)
rCorr   .          Rampage  .   i - +0 pair of gloves
Will    .....                   (no boots)
Stlth   ..........              f - amulet of magic regeneration
HPRegen 0.11/turn               n - +6 ring of strength
MPRegen 0.49/turn               o - ring of protection from cold

@: mighty
A: sickness immunity, AC +4, negative energy resistance 1, electricity
resistance, torment resistance 1, petrification resistance
a: Renounce Religion


You were on level 4 of the Dungeon.
You worshipped Qazlal.
Qazlal was noncommittal.
You visited 1 branch of the dungeon, and saw 4 of its levels.

You collected 72 gold pieces.

Inventory:

Hand Weapons
 a - a +0 war axe of chaos (weapon)
Armour
 b - a +0 scale mail (worn)
 c - a +0 buckler (worn)
 i - a +0 pair of gloves (worn)
Jewellery
 f - an amulet of magic regeneration (around neck)
 n - a +6 ring of strength (left hand)
 o - a ring of protection from cold (right hand)
Scrolls
 h - 3 scrolls of fear
 q - 2 scrolls of brand weapon
Potions
 e - a potion of brilliance {unknown}
 g - a potion of haste {unknown}
 j - a potion of resistance {unknown}
 k - a potion of flight {unknown}
 l - 2 potions of curing {unknown}


   Skills:
 + Level 4.4 Fighting
 + Level 3.0 Axes
 + Level 4.4 Armour
 + Level 4.4 Shields
 * Level 0.2 Invocations


You had 4 spell levels left.
You didn't know any spells.
Your spell library contained the following spells:

 Spells                   Type           Power      Damage    Failure   Level
 Necrotise                Necr           0%         1d4       75%         1
 Vampiric Draining        Necr           0%         2d6       98%         3
 Agony                    Necr           0%         N/A       100%        5


Dungeon Overview and Level Annotations

Branches:
Dungeon (5/15)
 Temple: D:4-7

Altars:
Cheibriados
Qazlal


Innate Abilities, Weirdness & Mutations

You are immune to sickness and miasma.
Your stone body is resilient. (AC +4)
You are immune to poison.
You resist negative energy. (rN+)
You are resistant to electric shocks. (rElec)
You are resistant to unholy torment.
You are immune to petrification.


Message History

You closely miss the adder.
The adder is heavily wounded.
The adder misses you. The adder barely misses you.
You closely miss the adder.
The adder is severely wounded.
The adder barely misses you.
You hit the adder but do no damage.
Space warps around the adder.
You kill the adder!
Qazlal accepts your kill.
You start waiting.
An ogre and a quokka come into view.
The ogre shouts!
The quokka barely misses you. The quokka bites you.
You feel very mighty all of a sudden. You block the quokka's attack.
The quokka bites you but does no damage.
The quokka bites you but does no damage.
You barely miss the ogre. You hit the quokka.
The quokka bites you but does no damage.
The ogre barely misses you.
The quokka bites you but does no damage.
You slash the ogre!
The ogre seems to grow stronger.
The ogre is heavily wounded.
You slash the quokka! You burn the quokka.
You kill the quokka!
Qazlal accepts your kill.
The ogre hits you with a +0 giant spiked club!
You closely miss the ogre.
The ogre is heavily wounded.
The ogre hits you with a +0 giant spiked club!
* * * LOW HITPOINT WARNING * * *
You barely miss the ogre.
The ogre is heavily wounded.
You block the ogre's attack.
Okay, then.
You closely miss the ogre.
The ogre is heavily wounded.
The ogre hits you with a +0 giant spiked club!
You die...

#.# #.... #.###....
#.#...... ##### #.#....#
#...# #.#....## #...#
#.#......
######...#######.#......
......................>.
.......@.#############††
.####..O†# #.. #.....#
#.. #....... #.#
#.............. #.#
#.............. #.#
#..............###.#
#####..............#
.........#


You could see an ogre (strong).

Vanquished Creatures
  A centaur (D:5)
  A hound (D:2)
  Terence (D:2)
  2 adders
  2 dart slugs
  4 endoplasms
  6 giant cockroaches
  2 goblins (D:2)
  6 hobgoblins
  3 kobolds (D:1)
  3 quokkas
  3 ball pythons
  6 bats
  3 rats
43 creatures vanquished.

Vanquished Creatures (others)
  2 fungi (D:2)
  A plant (D:2)
3 creatures vanquished.

Grand Total: 46 creatures vanquished

Notes
Turn   | Place    | Note
-------+----------+-------------------------------------------
     0 | D:1      | BigDaddyOpFi the Gargoyle Fighter began the quest for the
                  | Orb.
     0 | D:1      | Reached XP level 1. HP: 14/14 MP: 1/1
   262 | D:1      | Reached XP level 2. HP: 19/19 MP: 2/2
   921 | D:2      | Reached XP level 3. HP: 23/23 MP: 3/3
  1090 | D:2      | Reached XP level 4. HP: 28/29 MP: 4/4
  1098 | D:2      | Noticed Terence
  1104 | D:2      | Killed Terence
  1574 | D:2      | You fall into a shaft and drop 2 floors!
  1576 | D:4      | Noticed a centaur
  1587 | D:5      | Entered Level 5 of the Dungeon
  1639 | D:5      | Noticed a centaur
  1648 | D:5      | Killed a centaur
  1649 | D:5      | Reached XP level 5. HP: 25/34 MP: 5/5
  1851 | D:5      | Found a stormy altar of Qazlal.
  1890 | D:5      | Became a worshipper of Qazlal Stormbringer
  1925 | D:5      | Found a snail-covered altar of Cheibriados.
  1999 | D:4      | Noticed an ogre
  2008 | D:4      | Mangled by an ogre

Illustrated notes

Levels and vault maps discovered:
D:1:      dpeg_arrival_tiny_j, layout_basic
D:2:      layout_basic, shapermc_ecumenical_altar_ellora, uniq_terence,
          uniq_crazy_yiuf_cottage
D:4:      layout_basic, nemelex_altar_shiori
D:5:      layout_loops_ring, mainiacjoe_overflow_catwalk,
          mainiacjoe_overflow_paths, minmay_temple_entry_grid, uniq_pikel

Skill      XL: |  1  2  3  4 |
---------------+-------------+-----
Axes           | 2 3 |  3.0
Fighting       | 4 |  4.4
Armour         | 4 |  4.4
Shields        | 4 |  4.4
Invocations    | |  0.2

Action                   |  1- 3 |  4- 6 || total
-------------------------+-------+-------++-------
Melee: War axe           |    67 |    60 ||   127
  Use: Scroll            |     2 |     4 ||     6
       Potion            |       |     1 ||     1
Armor: Scale mail        |    42 |    47 ||    89
Dodge: Dodged            |    42 |    42 ||    84
Block: Buckler           |    11 |    18 ||    29
